 Dungeon Sprint DCSS version 0.19.3-4-gbf9329e (webtiles) character file.

1512 Kagutsuchi the Fighter (level 8, -15/83 HPs)
             Began as a Yellow Draconian Berserker on Jan 27, 2017.
             Was an Elder of Trog.
             Demolished by a polar bear (27 damage)
             ... in the Dungeon (Sprint II: "The Violet Keep of Menkaure").
             The game lasted 00:06:18 (1296 turns).

Kagutsuchi the Fighter (Yellow Draconian Berserker) Turns: 1296, Time: 00:06:18

Health: -15/83     AC:  6    Str: 19    XL:     8   Next: 53%
Magic:  8/8        EV: 20    Int:  9    God:    Trog [****..]
Gold:   9          SH:  0    Dex: 12    Spells: 0 memorised, 7 levels left

rFire  . . .     SeeInvis .     b - +2 glaive (holy)
rCold  . . .     Gourm    .     (armour unavailable)
rNeg   . . .     Faith    .     (shield currently unavailable)
rPois  .         Spirit   .     (helmet restricted)
rElec  .         Reflect  .     (no cloak)
rCorr  +         Harm     .     (no gloves)
MR     ++...     NoTele   +     (no boots)
Stlth  +.........               (no amulet)
                                (no ring)
                                l - +2 ring of evasion

@: exhausted, regenerating, slowed, very slow
A: spit acid, acid resistance, unfitting armour, cold-blooded, AC +6
a: Spit Acid, Berserk, Trog's Hand, Brothers in Arms, Burn Spellbooks, Renounce
Religion


You were in the Dungeon.
You worshipped Trog.
Trog was greatly pleased with you.
You were near starving.

You visited 1 branch You collected 729 gold pieces.
You spent 720 gold pieces at shops.

Inventory:

Hand Weapons
 a - a +0 falchion
 b - a +2 glaive of holy wrath (weapon)
 i - a +0 spear
Missiles
 m - 8 tomahawks (quivered)
Jewellery
 l - a +2 ring of evasion (left hand)
Scrolls
 h - a scroll of blinking
Potions
 e - a potion of haste
 f - 2 potions of magic
 g - a potion of berserk rage
Comestibles
 j - a meat ration
 k - a bread ration


   Skills:
 + Level 11.8 Fighting
 + Level 11.4 Long Blades
 + Level 2.6 Polearms
 + Level 10.5 Dodging
 + Level 0.8 Stealth


You had 7 spell levels left.
You didn't know any spells.

Dungeon Overview and Level Annotations

Branches:
Dungeon (1/1)

Altars:
Cheibriados
Dithmenos
Elyvilon
Fedhas
Gozag
Hepliaklqana
Kikubaaqudgha
Makhleb
Nemelex Xobeh
Okawaru
Qazlal
Ru
Sif Muna
Trog
Uskayaw
Vehumet
Xom
Yredelemnul
Zin
The Shining One
Beogh
Jiyva
Lugonu

Shops:
D }:!(:?(=(?!%[[(=

Annotations:
D exclusions: obsidian statue and oklob plant


Innate Abilities, Weirdness & Mutations

You can spit globs of acid.
You are resistant to acid.
Your golden yellow scales are hard. (AC +6)
You cannot fit into any form of body armour.
You are cold-blooded and may be slowed by cold attacks.


Message History

The polar bear closely misses you. The polar bear claws you.
* * * LOW HITPOINT WARNING * * *
You feel better. The polar bear misses you.
The polar bear claws you but does no damage.
The polar bear closely misses you.
You're too exhausted to go berserk.
You hit the polar bear.
The polar bear is severely wounded.
The polar bear goes berserk!
The polar bear barely misses you.
The polar bear claws you but does no damage.
The polar bear claws you.
* * * LOW HITPOINT WARNING * * *
The polar bear closely misses you. The polar bear claws you.
* * * LOW HITPOINT WARNING * * *
The polar bear claws you.
* * * LOW HITPOINT WARNING * * *
You slash the polar bear!
The polar bear is almost dead.
The polar bear bites you!!
You die...

.#..# ... ...# ...##
#..# #..# .# #'## .##..#
+..# .# $ #.##.w.#..#
#..# .# ?? .<.+#
+..####..##.# (%[
#.##.w$#.§§.###...##▓▓▓▓
#†## .##...§..≈≈)≈≈≈≈≈≈≈
.#.####≈≈§...§≈#†#######
###.#≈≈≈≈≈≈≈§.≈#@h..._..
.#.##≈≈≈≈§§≈§.≈#...._._.
#+##≈≈≈≈§≈≈§§≈≈#..._._._
≈≈≈≈≈≈≈≈§§§≈§≈≈#.._._._.
+#+++#≈≈≈≈≈≈≈≈≈#._._._._
≈≈≈≈ ##≈§≈###§≈#_._._._.
≈≈§≈§§##§§# #≈§#._._._..
§8§§§§≈+§§# #≈§#_._._...
≈§§§§§##≈≈≈≈


You could see a polar bear (berserk).

Vanquished Creatures
  A siren (D)
  2 polar bears (D)
  A blink frog (D)
  2 hippogriffs (D)
  Menkaure (D)
  3 worms (D)
10 creatures vanquished.

Vanquished Creatures (collateral kills)
  A yaktaur (D)
  A hornet (D)
2 creatures vanquished.

Vanquished Creatures (others)
  A crocodile (D)
1 creature vanquished.

Grand Total: 13 creatures vanquished

Notes
Turn   | Place    | Note
-------+----------+-------------------------------------------
     0 | D        | Kagutsuchi the Draconian Berserker began the quest for the Orb.
     0 | D        | Reached XP level 1. HP: 19/19 MP: 1/1
     1 | D        | Noticed a tyrant leech
     1 | D        | Noticed a tyrant leech
     9 | D        | Noticed a siren
    20 | D        | Killed a siren
    20 | D        | Reached XP level 2. HP: 6/37 MP: 2/2
    20 | D        | Reached XP level 3. HP: 7/42 MP: 3/3
    20 | D        | Reached XP level 4. HP: 8/50 MP: 4/4
    20 | D        | Reached XP level 5. HP: 9/57 MP: 5/5
    20 | D        | Reached XP level 6. HP: 10/63 MP: 6/6
   315 | D        | Noticed a hippogriff
   315 | D        | Noticed a hippogriff
   319 | D        | Killed a hippogriff
   319 | D        | Reached ** piety under Trog
   325 | D        | Killed a hippogriff
   325 | D        | Reached skill level 10 in Fighting
   325 | D        | Your scales start taking on a golden yellow colour.
   325 | D        | Reached XP level 7. HP: 73/73 MP: 7/7
   388 | D        | Found Veok Anka's Antique Armour Emporium.
   388 | D        | Found Bailaoja's Jewellery Emporium.
   388 | D        | Found Cuesuymp's Magic Scroll Shoppe.
   388 | D        | Found Qetemyxa's Antique Armour Shoppe.
   388 | D        | Found Azat's Weapon Shoppe.
   388 | D        | Found Acuyr's Weapon Emporium.
   388 | D        | Found Guvo's Food Emporium.
   388 | D        | Found Ebarch's Jewellery Shoppe.
   392 | D        | Reached *** piety under Trog
   429 | D        | Noticed an obsidian statue
   451 | D        | Found Hiph's Antique Weapon Emporium.
   451 | D        | Found Gilets's Distillery.
   451 | D        | Found Edeubb's Magic Scroll Shoppe.
   451 | D        | Found Teiss's Book Shoppe.
   453 | D        | Noticed a hell hog
   454 | D        | Noticed a hell hog
   454 | D        | Found Pokef's Weapon Shoppe.
   454 | D        | Found Oqikupe's Distillery.
   454 | D        | Noticed Menkaure
   454 | D        | Noticed an oklob plant
   455 | D        | Noticed a polar bear
   455 | D        | Found Zikutit's Gadget Shoppe.
   455 | D        | Found Kufesule's Book Shoppe.
   457 | D        | Noticed a polar bear
   481 | D        | Killed Menkaure
   481 | D        | Reached skill level 10 in Long Blades
   682 | D        | Noticed a redback
   688 | D        | Bought a book of Minor Magic for 240 gold pieces
   694 | D        | Reached **** piety under Trog
   700 | D        | Bought a +2 glaive of holy wrath for 260 gold pieces
   705 | D        | Bought a meat ration for 55 gold pieces
   705 | D        | Bought a bread ration for 55 gold pieces
   712 | D        | Bought a +2 ring of evasion for 110 gold pieces
   725 | D        | Noticed a blink frog
  1007 | D        | Killed a blink frog
  1259 | D        | Found an opulent altar of Gozag.
  1259 | D        | Found an iron altar of Okawaru.
  1260 | D        | Found a blossoming altar of Fedhas.
  1260 | D        | Found a sparkling altar of Nemelex Xobeh.
  1262 | D        | Found a white marble altar of Elyvilon.
  1262 | D        | Found a burning altar of Makhleb.
  1263 | D        | Found a shadowy altar of Dithmenos.
  1263 | D        | Found a corrupted altar of Lugonu.
  1263 | D        | Found a hide-covered altar of Uskayaw.
  1264 | D        | Found a snail-covered altar of Cheibriados.
  1264 | D        | Found an ancient bone altar of Kikubaaqudgha.
  1264 | D        | Found a bloodstained altar of Trog.
  1265 | D        | Found a roughly hewn altar of Beogh.
  1265 | D        | Found a viscous altar of Jiyva.
  1265 | D        | Found a deep blue altar of Sif Muna.
  1265 | D        | Found a glowing silver altar of Zin.
  1267 | D        | Found a hazy altar of Hepliaklqana.
  1267 | D        | Found a sacrificial altar of Ru.
  1268 | D        | Found a stormy altar of Qazlal.
  1268 | D        | Found a shimmering altar of Xom.
  1268 | D        | Found a basalt altar of Yredelemnul.
  1268 | D        | Noticed a polar bear
  1269 | D        | Noticed a polar bear
  1270 | D        | Noticed a hornet
  1270 | D        | Noticed a yaktaur
  1271 | D        | Noticed a polar bear
  1272 | D        | Found a radiant altar of Vehumet.
  1272 | D        | Found a glowing golden altar of the Shining One.
  1277 | D        | Killed a polar bear
  1277 | D        | Reached skill level 1 in Polearms
  1277 | D        | Reached XP level 8. HP: 71/82 MP: 8/8
  1279 | D        | Killed a yaktaur
  1279 | D        | Reached skill level 10 in Dodging
  1282 | D        | Killed a polar bear
  1282 | D        | Killed a hornet
  1293 | D        | HP: 4/83 [polar bear (10)]
  1293 | D        | HP: 1/83 [polar bear (2)]
  1296 | D        | Demolished by a polar bear

Skill      XL: |  1  2  3  4  5  6  7  8 |
---------------+-------------------------+-----
Fighting       | 9 10 11 | 11.8
Long Blades    | 8 9 10 11 | 11.4
Dodging        | 7 9 10 | 10.5
Polearms       | 1 2 |  2.6
Stealth        | |  0.8

Action                   |  1- 3 |  4- 6 |  7- 9 || total
-------------------------+-------+-------+-------++-------
Melee: Falchion          |     9 |     9 |    26 ||    44
       Tailslap          |     1 |     1 |     7 ||     9
       Glaive            |       |       |    24 ||    24
Invok: Berserk           |     1 |     1 |     2 ||     4
       Burn Spellbooks   |       |       |     1 ||     1
       Brothers in Arms  |       |       |     1 ||     1
       Trog's Hand       |       |       |     1 ||     1
  Use: Potion            |       |       |     2 ||     2
  Eat: Bread ration      |       |       |     1 ||     1
Armor: Skin              |     2 |     3 |    21 ||    26
Dodge: Dodged            |     3 |     5 |    92 ||   100
       Rpst.: Falchion   |       |       |     4 ||     4
